 Dungeon Crawl Stone Soup version 0.17-a0-1625-g47e540b (webtiles) character file.

13675 Murumi the Blocker (level 12, -9/92 HPs)
             Began as a Formicid Fighter on Aug 2, 2015.
             Was a Follower of the Shining One.
             Mangled by an ettin
             ... wielding a +0 dire flail
              (30 damage)
             ... on level 4 of the Orcish Mines.
             The game lasted 01:41:40 (16261 turns).

Murumi the Blocker (Formicid Fighter)              Turns: 16261, Time: 01:41:40

Health: -9/92      AC: 19    Str: 25    XL:     12   Next: 35%
Magic:  0/21       EV: 10    Int: 11    God:    the Shining One [*.....]
Gold:   919        SH: 13    Dex: 14    Spells: 0 memorised, 11 levels left

rFire  . . .     SeeInvis +     s - -3 falchion (curse)
rCold  + . .     Clarity  .     r - +0 plate armour
rNeg   . . .     SustAt   .     c - +1 shield
rPois  +         Gourm    .     (helmet unavailable)
rElec  .         Spirit   +     n - +1 cloak
rCorr  .         Warding  .     k - +0 pair of gloves
rMut   .         Stasis   +     i - +1 pair of boots
MR     +....                    m - amulet of guardian spirit
Stlth  ..........               z - ring of poison resistance
                                y - ring of Jyst {*Corrode rPois Int+2 Dex+4}

@: glowing, somewhat resistant to hostile enchantments, extremely unstealthy
A: permanent stasis, dig shafts and tunnels, four strong arms, antennae 3, cold
resistance 1, high mp 1
a: Dig, Shaft Self, Renounce Religion


You were on level 4 of the Orcish Mines.
You worshipped the Shining One.
The Shining One was aware of your devotion.
You were very hungry.

You visited 3 branches of the dungeon, and saw 15 of its levels.

You collected 1452 gold pieces.
You spent 533 gold pieces at shops.

Inventory:

Hand weapons
 a - a +0 hand crossbow of electrocution
 d - a +0 great sword
 f - a cursed -1 falchion
 s - a cursed -3 falchion (weapon)
Missiles
 q - 3 bolts
Armour
 c - a +1 shield (worn)
 i - a +1 pair of boots (worn)
 k - a +0 pair of gloves (worn)
 n - a +1 cloak (worn)
 r - a +0 plate armour (worn)
Jewellery
 m - an amulet of guardian spirit (around neck)
 y - the ring of Jyst (left hand) {*Corrode rPois Int+2 Dex+4}
   (You bought it in a shop on level 2 of the Orcish Mines)

   [ring of intelligence]

   It affects your intelligence (+2).
   It affects your dexterity (+4).
   It protects you from poison.
   It may corrode your equipment when you take damage.
 z - a ring of poison resistance (right hand)
Magical devices
 u - a wand of magic darts (0)
 x - a wand of frost (26)
Scrolls
 o - a scroll of magic mapping
 p - 2 scrolls of enchant armour
 t - a scroll of fog
 v - 2 scrolls of identify
Potions
 b - a potion of magic
 h - 6 potions of curing
 j - 2 potions of flight
Comestibles
 e - 6 bread rations
 g - 6 meat rations
 l - 30 fruits


   Skills:
 - Level 8.0 Fighting
 - Level 8.0 Long Blades
 - Level 7.0 Crossbows
 - Level 8.0 Armour
 + Level 5.9 Dodging
 - Level 10.0 Shields
 - Level 10.0 Invocations


You had 11 spell levels left.
You didn't know any spells.

Dungeon Overview and Level Annotations

Branches:
Dungeon (10/15)            Temple (1/1) D:5            Lair (0/8) D:8
    Orc (4/4) D:9             Elf (0/3) Orc:3

Altars:
Ashenzari
Cheibriados
Dithmenos
Elyvilon
Fedhas
Gozag
Kikubaaqudgha
Makhleb
Nemelex Xobeh
Okawaru
Qazlal
Ru
Sif Muna
Trog
Vehumet
Xom
Yredelemnul
Zin
The Shining One

Shops:
D:5 !   Orc:2 *   Orc:4 :


Innate Abilities, Weirdness & Mutations

You are under a permanent stasis effect.
You can dig through walls and to a lower floor.
Your four strong arms can wield two-handed weapons with a shield.
You have a pair of large antennae on your head (SInv).
Your flesh is cold resistant.
You have an increased reservoir of magic (+10% MP).


Message History

The troll claws you but does no damage.
You hit the troll.
You kill the troll!
You slash the ettin!
The ettin is lightly wounded.
The ettin misses you. The ettin hits you with a dire flail!!
You hit the ettin.
The ettin is lightly wounded.
The ettin hits you but does no damage. The ettin hits you with a dire flail!
* * * LOW HITPOINT WARNING * * *
You are feeling very hungry.
You hit the ettin.
The ettin is moderately wounded.
The ettin hits you but does no damage. You block the ettin's attack.
You hit the ettin but do no damage.
The ettin is moderately wounded.
You hit the ettin but do no damage.
The ettin is moderately wounded.
The ettin closely misses you. The ettin hits you with a dire flail!!!
You die...

.........o##..###
........C.{#....#
..........{.#..
.......o{{{##
.......{{{##
.......{{{{#
...#.#{{{##
########C# #@##
###


You could see an ettin.

Vanquished Creatures
  The ghost of Nattefrost the Fighter, a powerful MiFi of Ru (Orc:1)
  The ghost of squibie the Carver, an experienced DgGl (D:10)
  A hill giant (D:10)
  Pikel (D:7)
  An orc sorcerer (Orc:2)
  A cyclops (D:10)
  An elephant (D:8)
  Maurice (D:8)
  3 centaur zombies
  5 trolls
  A trapdoor spider (D:8)
  The ghost of HEYYEYAAE the Changer, an average SpTm (D:5)
  A yak (D:8)
  A hungry ghost (D:8)
  Menkaure (D:4)
  A water moccasin (D:7)
  Duvessa (D:7)
  3 ice beasts
  3 sky beasts
  15 orc warriors
  A slave (D:7)
  9 ogres
  2 necrophages
  A wasp (D:8)
  A phantom (D:5)
  6 centaurs
  4 giant frogs
  2 big kobolds
  A wyvern zombie (D:10)
  2 scorpions
  Dowan (D:7)
  5 killer bees (D:9)
  8 wights
  2 crimson imps
  2 jellies
  20 orc priests
  Crazy Yiuf (D:7)
  Ijyb (D:3)
  A centaur skeleton (D:10)
  2 giant frog zombies
  4 hounds
  2 iguanas
  37 orc wizards
  4 worker ants
  2 killer bee zombies
  2 sheep (D:8)
  3 hound skeletons
  2 hound zombies (D:5)
  8 gnolls
  2 shadow imps
  10 adders
  An ooze (D:1)
  An adder zombie (D:8)
  3 worms
  6 giant geckos
  145 orcs
  7 bats
  4 giant cockroaches
  3 goblins
  13 hobgoblins
  2 quokkas
  A ball python (D:4)
  3 giant newts (D:2)
  A jackal zombie (D:8)
  10 kobolds
  9 rats
401 creatures vanquished.

Vanquished Creatures (others)
  A quokka (D:7)
  A quokka skeleton (D:7)
2 creatures vanquished.

Grand Total: 403 creatures vanquished

Notes
Turn   | Place    | Note
--------------------------------------------------------------
     0 | D:1      | Murumi the Formicid Fighter began the quest for the Orb.
     0 | D:1      | Reached XP level 1. HP: 18/18 MP: 1/1
    29 | D:1      | Reached skill level 4 in Shields
    53 | D:1      | Reached XP level 2. HP: 21/24 MP: 2/2
   118 | D:1      | Reached skill level 1 in Dodging
   412 | D:1      | Reached XP level 3. HP: 29/29 MP: 3/3
  1452 | D:2      | Reached XP level 4. HP: 37/37 MP: 4/4
  1624 | D:2      | Found a shadowy altar of Dithmenos.
  2167 | D:3      | Found an iron altar of Okawaru.
  2297 | D:3      | Noticed Ijyb
  2307 | D:3      | Killed Ijyb
  2443 | D:3      | Reached XP level 5. HP: 37/42 MP: 5/5
  2730 | D:3      | Found a blossoming altar of Fedhas.
  2733 | D:3      | Found a bloodstained altar of Trog.
  2736 | D:3      | Found a white marble altar of Elyvilon.
  3591 | D:4      | Noticed Menkaure
  3598 | D:4      | Killed Menkaure
  3598 | D:4      | Reached skill level 6 in Shields
  3598 | D:4      | Reached XP level 6. HP: 16/48 MP: 6/6
  4039 | D:5      | Entered Level 5 of the Dungeon
  4209 | D:5      | Noticed HEYYEYAAE's ghost (average SpTm)
  4340 | D:5      | Killed HEYYEYAAE's ghost
  4340 | D:5      | Reached XP level 7. HP: 16/54 MP: 4/7
  4665 | D:5      | Found a staircase to the Ecumenical Temple.
  4670 | D:5      | Reached skill level 5 in Armour
  4683 | Temple   | Entered the Ecumenical Temple
  4868 | Temple   | Became a worshipper of the Shining One
  5018 | D:5      | Reached XP level 8. HP: 57/60 MP: 8/8
  5022 | D:5      | Found Mafyc's Distillery.
  5042 | D:5      | Bought a potion of poison for 11 gold pieces
  5042 | D:5      | Bought a potion of agility for 44 gold pieces
  5579 | D:5      | Reached skill level 5 in Long Blades
  5950 | D:6      | Reached skill level 1 in Crossbows
  6737 | D:7      | Reached XP level 9. HP: 65/65 MP: 9/9
  6841 | D:7      | Acquired the Shining One's first power
  6862 | D:7      | Noticed Dowan
  6870 | D:7      | Reached skill level 1 in Invocations
  6888 | D:7      | Noticed Duvessa
  6890 | D:7      | Killed Dowan
  6900 | D:7      | Killed Duvessa
  6904 | D:7      | Gained mutation: You have an increased reservoir of magic (+10% MP). [potion of beneficial mutation]
  6905 | D:7      | Gained mutation: Your flesh is cold resistant. [potion of beneficial mutation]
  7204 | D:7      | Reached skill level 5 in Invocations
  7237 | D:7      | Noticed Pikel
  7256 | D:7      | Killed Pikel
  7306 | D:7      | Noticed Crazy Yiuf
  7315 | D:7      | Killed Crazy Yiuf
  7863 | D:8      | Noticed Maurice
  8023 | D:8      | Reached skill level 7 in Fighting
  8047 | D:8      | Reached XP level 10. HP: 29/79 MP: 6/16
  8313 | D:8      | Noticed an elephant
  8323 | D:8      | Was placed under penance by the Shining One
  8346 | D:8      | Killed an elephant
  8544 | D:8      | Reached skill level 8 in Invocations
  8549 | D:8      | Found a staircase to the Lair.
  9397 | D:8      | Found a staircase to the Lair.
  9723 | D:8      | Killed Maurice
  9723 | D:8      | Reached skill level 9 in Shields
  9987 | D:9      | Reached skill level 10 in Shields
 10186 | D:9      | Found a staircase to the Orcish Mines.
 10369 | D:9      | Reached skill level 5 in Crossbows
 10453 | D:9      | Found a glowing silver altar of Zin.
 10484 | D:9      | Reached XP level 11. HP: 72/84 MP: 16/18
 11126 | D:9      | Reached skill level 5 in Dodging
 11439 | D:10     | Entered Level 10 of the Dungeon
 11850 | D:10     | Noticed a cyclops
 11862 | D:10     | Killed a cyclops
 12086 | D:10     | Was forgiven by the Shining One
 12485 | D:10     | Noticed squibie's ghost (experienced DgGl)
 12521 | D:10     | Killed squibie's ghost
 12777 | D:10     | Noticed a hill giant
 12784 | D:10     | Killed a hill giant
 12965 | Orc:1    | Entered Level 1 of the Orcish Mines
 13008 | Orc:1    | Noticed Nattefrost's ghost (powerful MiFi)
 13061 | Orc:1    | Killed Nattefrost's ghost
 13151 | Orc:1    | Reached XP level 12. HP: 74/92 MP: 20/20
 13905 | Orc:2    | Found Beonumyh's Assorted Antiques.
 14058 | Orc:2    | Bought a scroll of enchant armour for 195 gold pieces
 14058 | Orc:2    | Bought a brown potion for 23 gold pieces
 14058 | Orc:2    | Bought a clouded platinum ring for 130 gold pieces
 14058 | Orc:2    | Bought an encrusted silver ring for 130 gold pieces
 14061 | Orc:2    | Identified the ring of Jyst {*Corrode rPois Int+2 Dex+4} (You bought it in a shop on level 2 of the Orcish Mines)
 14815 | Orc:3    | Reached skill level 10 in Invocations
 15228 | Orc:3    | Found a staircase to the Elven Halls.
 15737 | Orc:4    | Entered Level 4 of the Orcish Mines
 16079 | Orc:4    | Found Beimonyc's Book Boutique.
 16202 | Orc:4    | Noticed an ettin
 16261 | Orc:4    | Mangled by an ettin

Vault maps used:
D:1:      dpeg_arrival_sounds_slurp, st_stairs_13
D:2:      nicolae_dithmenos_shadow_blocks
D:3:      lemuel_coloured_pillars_altar, grunt_temple_overflow_diamond,
          uniq_iyjb
D:4:      roderic_filled_cross, uniq_menkaure
D:5:      minmay_temple_entry_trees, serial_shops, shop, first_bread
D:7:      uniq_crazy_yiuf_cottage, uniq_pikel, uniq_duvessa
D:8:      david_lair_generic, uniq_maurice
D:9:      nicolae_overflow_crystal_walls, david_orc_2, blue_anna_alchemist,
          hangedman_abyss_or_decor_stagger
D:10:     small_statue_intersection
Temple:   minmay_temple_curvy_14
Orc:2:    serial_shops, shop, statue_in_the_mist_lemuel, guppyfry_library_mini
Orc:3:    nicolae_orc_pool_cavern
Orc:4:    st_orc_rangers, serial_shops, shop

Action                   |  1- 3 |  4- 6 |  7- 9 | 10-12 || total
-------------------------+-------+-------+-------+-------++-------
Melee: Long sword        |   124 |   245 |   103 |       ||   472
       Scimitar          |       |       |   206 |   600 ||   806
       Unarmed           |       |       |       |     8 ||     8
       Great sword       |       |       |       |   480 ||   480
       Falchion          |       |       |       |   547 ||   547
 Fire: Hand crossbow     |       |       |    19 |    32 ||    51
 Abil: Dig               |       |     3 |     3 |    23 ||    29
  Use: Scroll            |     2 |    11 |     6 |     7 ||    26
       Potion            |       |     5 |     3 |     5 ||    13
  Eat: Chunk             |     2 |     7 |    13 |    24 ||    46
       Beef jerky        |       |     1 |       |       ||     1
       Fruit             |       |       |     1 |       ||     1
       Pizza             |       |       |       |     2 ||     2
       Bread ration      |       |       |       |     1 ||     1
